 Dungeon Crawl Stone Soup version 0.22-a0-263-gab157eebec (webtiles) character file.

1617 Peterchen the Cleaver (level 8, -6/64 HPs)
             Began as a Minotaur Berserker on Mar 6, 2018.
             Was an Elder of Trog.
             Mangled by a black bear (10 damage)
             ... on level 6 of the Dungeon.
             The game lasted 00:07:52 (4243 turns).

Peterchen the Cleaver (Minotaur Berserker)          Turns: 4243, Time: 00:07:52

Health: -6/64      AC:  8    Str: 25    XL:     8   Next: 64%
Magic:  7/7        EV: 10    Int:  4    God:    Trog [****..]
Gold:   259        SH:  0    Dex:  9    Spells: 7/7 levels left

rFire    x . .     SeeInvis .   z - +0 war axe
rCold    + . .     Gourm    .   (no shield)
rNeg     + . .     Faith    .   o - +2 scale mail {rN+}
rPois    .         Spirit   .   (helmet restricted)
rElec    .         Reflect  .   (no cloak)
rCorr    +         Harm     +   (no gloves)
MR       ++...                  (no boots)
Stlth    ..........             q - amulet of harm
HPRegen  1.20/turn              k - ring of resist corrosion
MPRegen  0.10/turn              u - ring of ice

@: berserk cooldown, regenerating, slowed, very slow
A: retaliatory headbutt, horns 2
a: Berserk, Trog's Hand, Brothers in Arms, Renounce Religion


You were on level 6 of the Dungeon.
You worshipped Trog.
Trog was greatly pleased with you.
You were very hungry.

You visited 1 branch of the dungeon, and saw 6 of its levels.

You collected 259 gold pieces.

Inventory:

Hand Weapons
 z - a +0 war axe (weapon)
Armour
 o - a +2 scale mail of positive energy (worn)
Jewellery
 k - a ring of resist corrosion (left hand)
 q - an amulet of harm (around neck)
 u - a ring of ice (right hand)
Wands
 f - a wand of disintegration (14)
 A - a wand of random effects (48)
Scrolls
 b - 4 scrolls of remove curse
 e - 2 scrolls of magic mapping
 m - 3 scrolls of amnesia
 n - a scroll of fear
 p - a scroll of teleportation
 t - a scroll of noise {unknown}
 x - a scroll of torment {unknown}
 y - a scroll of immolation {unknown}
Potions
 d - 2 potions of curing
 g - a potion of degeneration
 h - a potion of heal wounds
 i - 2 potions of might {unknown}
 j - a potion of flight {unknown}
 l - a potion of magic {unknown}
 r - 2 potions of agility {unknown}
 s - 2 potions of brilliance {unknown}
 v - a potion of cancellation {unknown}
 w - a potion of ambrosia {unknown}
Comestibles
 c - 13 rations


   Skills:
 - Level 3.6 Fighting
 * Level 13.1 Axes
 - Level 2.4 Armour
 - Level 2.1 Dodging


You had 7 spell levels left.
You didn't know any spells.

Dungeon Overview and Level Annotations

Branches:
Dungeon (6/15)
 Temple: D:4-7

Altars:
Hepliaklqana
Okawaru
Qazlal
Sif Muna
Vehumet
Xom

Annotations:
D:6 1 runed door


Innate Abilities, Weirdness & Mutations

You reflexively headbutt those who attack you in melee.
You have a pair of horns on your head.


Message History

The black bear is almost dead.
The black bear bites you. The black bear barely misses you. x2
The black bear bites you. The black bear claws you.
The black bear claws you but does no damage.
You are too injured to fight recklessly!
You are too injured to fight recklessly!
You're still recovering from your berserk rage.
Your skin crawls.
You feel resistant to hostile enchantments.
You are feeling very hungry.
The black bear bites you but does no damage.
The black bear barely misses you. The black bear claws you.
* * * LOW HITPOINT WARNING * * *
The black bear bites you!
* * * LOW HITPOINT WARNING * * *
The black bear claws you but does no damage.
The black bear claws you.
* * * LOW HITPOINT WARNING * * *
The black bear bites you!
You die...

###
#..........#
#.#.######.#
#....## #.#
#.#.#.####.#
...#......#.#
...
###.##.#.#
.....
...###.#.###
#...
##.........#
#...
#.###.#@#.#
#. #.#h# ..
..#.# ##.#.#
#.#.# #.#..
..... ###


You could see a black bear (berserk).

Vanquished Creatures
  A water moccasin (D:5)
  3 sky beasts
  The ghost of Zaque the Chucker, an amateur TrHu (D:3)
  A phantom (D:4)
  An ogre (D:6)
  The ghost of WhatIsLove the Insei, an amateur GnTm (D:4)
  A centaur (D:5)
  Blork the orc (D:6)
  A bullfrog (D:6)
  2 scorpions
  2 howler monkeys
  A centaur zombie (D:5)
  A bullfrog zombie (D:5)
  A hound (D:4)
  An orc priest (D:4)
  3 iguanas
  2 orc wizards
  3 worker ants
  3 gnolls (D:4)
  3 adders
  A howler monkey skeleton (D:6)
  2 oozes
  2 worms
  A dart slug (D:4)
  A leopard gecko (D:3)
  15 orcs
  17 giant cockroaches
  4 goblins
  3 hobgoblins
  6 jackals
  A quokka (D:2)
  9 bats
  4 frilled lizards
  4 kobolds
  A leopard gecko zombie (D:6)
  7 rats
111 creatures vanquished.

Notes
Turn   | Place    | Note
-------+----------+-------------------------------------------
     0 | D:1      | Peterchen the Minotaur Berserker began the quest for the Orb.
     0 | D:1      | Reached XP level 1. HP: 19/19 MP: 0/0
   145 | D:1      | Reached skill level 4 in Axes
   404 | D:1      | Reached XP level 2. HP: 26/26 MP: 1/1
   779 | D:2      | Reached ** piety under Trog
   781 | D:2      | Reached skill level 5 in Axes
   781 | D:2      | Reached XP level 3. HP: 29/31 MP: 2/2
  1387 | D:3      | Found a hazy altar of Hepliaklqana.
  1394 | D:3      | Reached XP level 4. HP: 38/39 MP: 3/3
  1405 | D:3      | Reached skill level 6 in Axes
  1656 | D:3      | Found a shimmering altar of Xom.
  1667 | D:3      | Noticed Zaque's ghost (amateur TrHu)
  1674 | D:3      | Killed Zaque's ghost
  1674 | D:3      | Reached skill level 7 in Axes
  1674 | D:3      | Reached XP level 5. HP: 45/45 MP: 4/4
  1754 | D:3      | Reached skill level 8 in Axes
  2134 | D:4      | Reached XP level 6. HP: 40/51 MP: 5/5
  2141 | D:4      | Reached *** piety under Trog
  2171 | D:4      | Found an iron altar of Okawaru.
  2217 | D:4      | Reached skill level 9 in Axes
  2509 | D:4      | Noticed WhatIsLove's ghost (amateur GnTm)
  2525 | D:4      | Killed WhatIsLove's ghost
  2525 | D:4      | Reached XP level 7. HP: 49/57 MP: 6/6
  2594 | D:4      | Found a stormy altar of Qazlal.
  2715 | D:4      | Reached skill level 10 in Axes
  3252 | D:5      | Entered Level 5 of the Dungeon
  3278 | D:5      | Reached skill level 11 in Axes
  3549 | D:5      | Found a deep blue altar of Sif Muna.
  3595 | D:5      | Reached XP level 8. HP: 45/64 MP: 7/7
  3626 | D:5      | Reached skill level 12 in Axes
  3665 | D:5      | You fall through a shaft!
  3713 | D:6      | Reached **** piety under Trog
  3935 | D:5      | Found a radiant altar of Vehumet.
  4180 | D:6      | Found a runed door.
  4206 | D:6      | Noticed Blork the orc
  4211 | D:6      | Killed Blork the orc
  4211 | D:6      | Reached skill level 13 in Axes
  4243 | D:6      | Mangled by a black bear

Vault maps used:
D:1:      minmay_arrival_widening_spiral_wide
D:2:      minmay_roachtagon
D:3:      lemuel_doored_altar, lemuel_round_altar
D:4:      grunt_qazlal_sundering, kennysheep_mini_moat
D:5:      kennysheep_mini, nicolae_overflow_hidden_temple, first_ration,
          serial_park_tiny_1
D:6:      trog_eyes_of_draining, uniq_blork_the_orc, uniq_crazy_yiuf_cottage,
          uniq_menkaure

Skill      XL: |  1  2  3  4  5  6  7  8 |
---------------+-------------------------+-----
Axes           | 4 5 7 8 9 11 13 | 13.1
Fighting       | |  3.6
Armour         | |  2.4
Dodging        | |  2.1

Action                   |  1- 3 |  4- 6 |  7- 9 || total
-------------------------+-------+-------+-------++-------
Melee: Hand axe          |    91 |   114 |   116 ||   321
       Headbutt          |    12 |    23 |    19 ||    54
       War axe           |       |       |     6 ||     6
Invok: Berserk           |       |     2 |     3 ||     5
       Trog's Hand       |       |       |     1 ||     1
  Use: Scroll            |       |       |     8 ||     8
  Eat: Chunk             |     1 |     5 |     8 ||    14
Armor: Ring mail         |    25 |       |       ||    25
       Scale mail        |    26 |    45 |    52 ||   123
Dodge: Dodged            |    70 |    36 |    46 ||   152

Table legend:
 A = Spawn XP
 B = Non-spawn XP
 C = Spawn XP percentage of total XP
 D = Spawn monster count
 E = Non-spawn monster count
 F = Spawn count percentage of total count
 G = Total turns spent on level
                    A         B        C        D         E        F      G
               +---------+---------+-------+---------+---------+-------+---------
         Total |       0 |    2311 |   0.0 |       0 |     111 |   0.0 |  4243
               +---------+---------+-------+---------+---------+-------+---------
           D:1 |       0 |      18 |   0.0 |       0 |      12 |   0.0 |   583
           D:2 |       0 |      63 |   0.0 |       0 |      29 |   0.0 |   740
           D:3 |       0 |     263 |   0.0 |       0 |      20 |   0.0 |   770
           D:4 |       0 |     611 |   0.0 |       0 |      28 |   0.0 |  1159
           D:5 |       0 |     752 |   0.0 |       0 |      11 |   0.0 |   432
           D:6 |       0 |     604 |   0.0 |       0 |      11 |   0.0 |   559
               +---------+---------+-------+---------+---------+-------+---------
